 Dungeon Crawl Stone Soup version 0.29-a0-643-ga013cefcf8 (webtiles) character file.

Game seed: 14801367330021954444

59368 wingedge the Black Sun (level 14, -31/108 HPs)
             Began as a Demonspawn Necromancer on June 20, 2022.
             Was a High Priest of Kikubaaqudgha.
             Annihilated by a swamp worm (54 damage)
             ... on level 1 of the Swamp.
             The game lasted 01:58:59 (23423 turns).

wingedge the Black Sun (Demonspawn Necromancer)    Turns: 23423, Time: 01:59:00

Health: -31/108    AC: 13    Str: 15    XL:     14   Next: 52%
Magic:  24/28      EV:  2    Int: 22    God:    Kikubaaqudgha [*****.]
Gold:   680        SH:  0    Dex: 19    Spells: 12/33 levels left

rFire   . . .      SeeInvis .   j - +8 short sword "Demonbane" {freeze, Contam *Slow rPois Dex+10}
rCold   . . .      Faith    .   G - +0 kite shield {reflect}
rNeg    . . .      Spirit   .   b - +0 acid dragon scales
rPois   +          Reflect  +   (helmet restricted)
rElec   .          Harm     .   (no cloak)
rCorr   +          Rampage  .   W - +0 pair of gloves "Decyonir" {Str+6 Dex-4}
Will    +....                   (no boots)
Stlth   +.........              K - amulet of regeneration
HPRegen 1.08/turn               d - +4 ring of evasion
MPRegen 0.21/turn               T - +4 ring of protection

@: sleeping, corroded, animating dead, slowed, studying 2 skills, very slow
A: antennae 1, claws 2, hooves 1, icemail 1, spiny 1, condensation shield
a: Renounce Religion, Unearth Wretches, Torment


You were on level 1 of the Swamp.
You worshipped Kikubaaqudgha.
Kikubaaqudgha was extremely pleased with you.
You visited 4 branches of the dungeon, and saw 18 of its levels.

You collected 1113 gold pieces.
You spent 433 gold pieces at shops.

Inventory:

Hand Weapons
 j - the +8 short sword "Demonbane" (weapon) {freeze, Contam *Slow rPois Dex+10}
   (You found it on level 9 of the Dungeon)

   It freezes those it strikes, dealing additional cold damage.
   It can also slow down cold-blooded creatures.
   Dex:       It affects your dexterity (+10).
   rPois:     It protects you from poison.
   Contam:    It causes magical contamination when unequipped.
   *Slow:     It may slow you when you take damage.
Armour
 b - +0 acid dragon scales (worn)
 C - a +0 chain mail of fire resistance
 G - a +0 kite shield of reflection (worn)
 W - the +0 pair of gloves "Decyonir" (worn) {Str+6 Dex-4}
   (You found it on level 10 of the Dungeon)

   Str:       It affects your strength (+6).
   Dex:       It affects your dexterity (-4).
Magical Staves
 h - a staff of cold
 D - a staff of conjuration
Jewellery
 d - a +4 ring of evasion (left hand)
 o - an amulet of reflection
 p - the ring "Jergho Johe" {rElec Will+}
   (You found it on level 9 of the Dungeon)

   [ring of willpower]

   rElec:     It insulates you from electricity.
   Will:      It increases your willpower.
 q - a ring of protection from cold
 s - a ring of wizardry
 z - a ring of flight
 B - a ring of magical power
 H - an amulet of the acrobat
 I - a ring of willpower
 K - an amulet of regeneration (around neck)
 T - a +4 ring of protection (right hand)
 Y - a ring of resist corrosion
Wands
 a - a wand of mindburst (12)
 y - a wand of digging (3)
Scrolls
 f - a scroll of torment
 k - 2 scrolls of fog
 m - 2 scrolls of vulnerability
 r - 6 scrolls of amnesia
 t - a scroll of enchant armour {unknown}
 u - 3 scrolls of blinking
 w - a scroll of identify
 x - 9 scrolls of teleportation
 L - 6 scrolls of poison
 M - a scroll of acquirement {unknown}
 O - 3 scrolls of magic mapping
 S - 3 scrolls of silence
 U - 2 scrolls of immolation {unknown}
 V - 2 scrolls of fear
 X - a scroll of enchant weapon {unknown}
Potions
 c - 5 potions of resistance
 e - 3 potions of berserk rage
 g - 2 potions of curing
 l - 3 potions of cancellation
 n - 5 potions of mutation
 v - 2 potions of lignification
 A - 2 potions of flight {unknown}
 F - 4 potions of haste
 J - a potion of ambrosia {unknown}
 N - 5 potions of brilliance
 P - a potion of magic
 R - a potion of heal wounds
Miscellaneous
 i - a phial of floods
 E - a box of beasts


   Skills:
 + Level 9.2 Fighting
 * Level 9.9(10.1) Short Blades
 + Level 2.4(6.7) Long Blades
 + Level 9.0 Armour
 - Level 5.0 Dodging
 - Level 2.0 Stealth
 + Level 7.9 Shields
 + Level 10.3 Spellcasting
 - Level 6.0 Summonings
 * Level 12.4 Necromancy
 + Level 4.0 Ice Magic


You had 12 spell levels left.
You knew the following spells:

 Your Spells              Type           Power      Damage    Failure   Level
a - Necrotize             Necr           100%       1d9       1%          1
b - Vampiric Draining     Necr           60%        2d10      1%          3
c - Animate Dead          Necr           60%        N/A       1%          4
d - Call Imp              Summ           37%        N/A       2%          2
e - Agony                 Necr           60%        N/A       3%          5
f - Sublimation of Blood  Necr           60%        N/A       1%          2
g - Dispel Undead         Necr           60%        3d21      1%          4

Your spell library contained the following spells:

 Spells                   Type           Power      Damage    Failure   Level
 Magic Dart               Conj           44%        1d5       19%         1
 Death Channel            Necr           30%        N/A       19%         6
 Corpse Rot               Necr/Pois/Air  29%        N/A       34%         4
 Borgnjor's Vile Clutch   Necr/Erth      19%        N/A       38%         5
 Mephitic Cloud           Conj/Pois/Air  11%        N/A       50%         3
 Simulacrum               Ice/Necr       23%        N/A       69%         6


Dungeon Overview and Level Annotations

Branches:
Dungeon (10/15)            Temple (1/1) D:4            Lair (6/6) D:10
  Swamp (1/4) Lair:4       Spider (0/4) Lair:3        Slime (0/5) Lair:5
    Orc: D:9-12

Altars:
Elyvilon
Hepliaklqana
Kikubaaqudgha
Makhleb
Okawaru
Trog
Uskayaw
Xom
The Shining One

Shops:
D:4 ?   D:10 *[

Annotations:
Swamp:1 Aizul


Innate Abilities, Weirdness & Mutations

You have a pair of small antennae on your head.
You have very sharp fingernails.
You have large cloven feet.
A meltable icy envelope protects you from harm. (AC +4)
You are partially covered in sharp spines.
A meltable shield of frost defends you. (SH +4)


Message History

Aizul shouts!
The goliath frog hits your goliath frog zombie from afar!
Your goliath frog zombie is splashed with acid.
Your goliath frog zombie seems to be corroded for longer.
Aizul winks several times.
The goliath frog hits your goliath frog zombie.
Your goliath frog zombie is splashed with acid.
Your goliath frog zombie closely misses the goliath frog.
The goliath frog barely misses your goliath frog zombie.
Your spriggan rider zombie hits the goliath frog.
The goliath frog barely misses your goliath frog zombie.
Unknown command.
Press: ? - help, v - describe, . - travel
Here: Aizul Some shallow water.
Blink to where?
Press: ? - help, Dir - move target
Found a mace.
As you read the scroll of blinking, it crumbles to dust.
The swamp worm fires a harpoon shot at you.
The harpoon shot hits you!
* * * LOW HITPOINT WARNING * * *
You are yanked forward by the harpoon shot.
Splash!
You fall into the shallow water.
Moving in this stuff is going to be slow.
Your spriggan rider zombie completely misses the goliath frog.
The swamp worm fires a harpoon shot at you.
Your +0 kite shield of reflection reflects the harpoon shot!
The harpoon shot hits the swamp worm!
Your goliath frog zombie hits the swamp worm but does no damage.
Aizul coils herself and waves her upper body at you.
You fall asleep.
The goliath frog hits your goliath frog zombie from afar!
Your goliath frog zombie is splashed with acid.
Your goliath frog zombie seems to be corroded for longer.
The swamp worm bites you!!!
Ouch! That really hurt!
You die...
Kikubaaqudgha rasps: "You have failed me!
Welcome... death!"

≈§≈.≈♣♣ ♣.≈≈.♣♣♣
♣♣.≈.♣≈♣♣♣.≈≈n.≈♣♣
♣.....≈.♣♣...?..≈..
♣♣.......>n.Fi...≈..
♣♣♣..≈≈≈≈.iw.≈Z.≈≈.≈♣♣
♣≈..≈≈w≈≈§≈FZ....≈≈..!
..≈≈§§R..≈≈≈.......≈≈≈
≈..≈≈≈w≈....w.≈≈≈≈≈≈≈≈
≈....≈S@≈≈≈≈≈.≈≈§≈≈.≈≈
≈..§.≈§≈.≈≈≈≈.≈≈≈≈≈.≈
...≈≈≈≈≈..≈§.......≈≈
..≈≈≈≈≈...≈≈≈.≈≈≈≈≈≈
.^.##.###.≈≈.≈≈≈≈≈≈≈
.♣. .. #.≈≈.≈≈≈.≈§≈
#.. #....§≈..... ...
#♣♣♣≈≈≈..... ♣≈≈..)...


You could see Aizul, an eleionoma, a tyrant leech, a spriggan rider (ally
target), 2 goliath frogs, a bog body, 3 swamp worms, a friendly spriggan rider
zombie and a friendly goliath frog zombie (corroded).

Vanquished Creatures
  The ghost of drugrobin the Cleaver, a journeyman DgFi (Lair:2)
  An ice dragon (Lair:6)
  Fannar (Lair:1)
  Harold (Lair:2)
  A boulder beetle (Lair:3)
  5 hydras
  3 catoblepae
  5 death yaks
  Urug (Lair:1)
  Sonja (Lair:1)
  A swamp dragon (Swamp:1)
  Pikel (D:8)
  A cyclops (D:10)
  A manticore (Lair:6)
  8 black mambas
  7 elephants
  An eye of devastation (Lair:5)
  12 cane toads
  A rime drake (Lair:1)
  10 komodo dragons
  2 ice devils (Lair:6)
  6 polar bears
  6 hornets
  A troll (D:8)
  2 blink frogs (Lair:6)
  Sigmund (D:4)
  A wraith (D:10)
  3 jumping spiders (Lair:3)
  46 yaks
  A wyvern (D:8)
  A basilisk (Lair:6)
  2 fire bats (Lair:3)
  A steam dragon (D:7)
  3 redbacks (Lair:3)
  7 vampire mosquitoes (Lair:4)
  Menkaure (D:4)
  2 acid dragons
  A floating eye (Lair:5)
  14 water moccasins
  4 orc warriors
  2 ice beasts
  2 black bears (D:6)
  An ogre (D:5)
  2 centaurs
  15 wolves
  A lemure (D:8)
  2 kobold brigands
  A gnoll sergeant (D:9)
  A necrophage (D:6)
  23 bullfrogs
  5 scorpions
  6 wights
  4 killer bees (D:9)
  4 hounds
  A jelly (D:7)
  6 orc priests
  Crazy Yiuf (D:5)
  A gnoll shaman (D:9)
  3 iguanas
  4 orc wizards
  3 hell rats (Lair:4)
  Robin (D:3)
  8 gnolls (D:9)
  2 river rats (D:6)
  13 adders
  A shadow imp (D:6)
  A white imp (D:6)
  An ufetubus (D:5)
  2 worms
  2 dart slugs
  20 orcs
  6 ball pythons
  3 bats
  6 endoplasms
  3 giant cockroaches
  21 goblins
  6 hobgoblins
  6 quokkas
  6 frilled lizards
  16 kobolds
  4 rats
384 creatures vanquished.

Vanquished Creatures (collateral kills)
  A hydra (Lair:6)
  2 boulder beetles
  2 catoblepae (Lair:6)
  5 death yaks
  A manticore (Lair:6)
  8 elephants
  An ice statue (Lair:6)
  2 cane toads (Lair:2)
  A rime drake (Lair:6)
  Maggie (Lair:1)
  3 komodo dragons
  A hornet (Lair:5)
  A blink frog (Lair:6)
  4 polar bears
  12 yaks
  A wyvern (Lair:6)
  A basilisk (Lair:2)
  A vampire mosquito (Lair:4)
  A redback (Lair:3)
  A swamp worm (Swamp:1)
  A water moccasin (Lair:5)
  A black bear (Lair:2)
  2 ice beasts (Lair:6)
  An ogre (D:6)
  3 bullfrogs
  3 wights (D:8)
  A jelly (D:7)
  3 hell rats (Lair:4)
  5 adders
  2 white imps (Lair:6)
  5 orcs
  A ball python (D:1)
  A giant cockroach (D:1)
  A goblin (D:3)
  A quokka (D:5)
  A kobold (D:1)
82 creatures vanquished.

Vanquished Creatures (others)
  A goliath frog (Swamp:1)
  A spriggan rider (Swamp:1)
  A cane toad (Lair:6)
  A death yak zombie (Lair:5)
  2 hydra zombies
  A tyrant leech (Swamp:1)
  An ice dragon zombie (Lair:6)
  A black mamba zombie (Lair:2)
  A wyvern (Lair:5)
  A yak (Lair:6)
  A basilisk (Lair:6)
  A water moccasin (Lair:5)
  A hornet zombie (Lair:5)
  5 elephant zombies
  A swamp dragon zombie (Swamp:1)
  2 blink frog zombies (Lair:6)
  A rime drake zombie (Lair:6)
  2 komodo dragon zombies
  3 water moccasin zombies
  4 yak zombies
  5 polar bear zombies
  2 wolf zombies (Lair:4)
  4 bullfrog zombies
  A basilisk zombie (Lair:6)
  An orc priest (D:7)
  3 killer bee zombies (D:9)
  2 ice beast zombies (Lair:6)
  An adder zombie (D:5)
  2 iguana zombies
  An orc (D:7)
  3 gnoll zombies (D:9)
  3 goblin zombies (D:3)
  6 kobold zombies
  14 orc zombies
  59 fungi
  135 plants
274 creatures vanquished.

Grand Total: 740 creatures vanquished

Notes
Turn   | Place    | Note
-------+----------+-------------------------------------------
     0 | D:1      | wingedge the Demonspawn Necromancer began the quest for the
                  | Orb.
     0 | D:1      | Reached XP level 1. HP: 13/13 MP: 3/3
   159 | D:1      | Gained mutation: A meltable shield of frost defends you.
                  | (SH +4) [demonic ancestry]
   159 | D:1      | Reached XP level 2. HP: 19/20 MP: 0/5
   315 | D:1      | Reached skill level 1 in Fighting
   566 | D:1      | Reached XP level 3. HP: 26/26 MP: 4/6
   956 | D:2      | Found a faded altar of an unknown god.
  1042 | D:2      | Reached skill level 5 in Necromancy
  1144 | D:2      | Discovered your monstrous ancestry.
  1144 | D:2      | Gained mutation: You have sharp fingernails. [demonic
                  | ancestry]
  1144 | D:2      | Reached XP level 4. HP: 28/32 MP: 3/8
  1511 | D:3      | Learned a level 3 spell: Vampiric Draining
  1516 | D:3      | Learned a level 4 spell: Animate Dead
  1737 | D:3      | Noticed Robin
  2158 | D:3      | Killed Robin
  2709 | D:4      | Noticed Menkaure
  2859 | D:4      | Found a hide-covered altar of Uskayaw.
  2861 | D:4      | Gained mutation: You have a pair of small antennae on your
                  | head. [demonic ancestry]
  2861 | D:4      | Reached XP level 5. HP: 25/38 MP: 1/9
  3056 | D:4      | Reached skill level 1 in Armour
  3635 | D:5      | Entered Level 5 of the Dungeon
  3657 | D:5      | Noticed a centaur
  3663 | D:5      | Killed a centaur
  3664 | D:5      | Reached XP level 6. HP: 44/45 MP: 7/11
  3998 | D:5      | Reached skill level 6 in Necromancy
  4212 | D:5      | Gained mutation: You are partially covered in sharp spines.
                  | [demonic ancestry]
  4212 | D:5      | Reached XP level 7. HP: 51/51 MP: 1/13
  4575 | D:5      | Found a runed translucent door.
  4576 | D:5      | Noticed Crazy Yiuf
  4938 | D:5      | Killed Crazy Yiuf
  5732 | D:6      | Reached skill level 5 in Spellcasting
  5732 | D:6      | Reached skill level 7 in Necromancy
  5789 | D:6      | Noticed a yak
  5789 | D:6      | Noticed a yak
  5798 | D:6      | Killed a yak
  5799 | D:6      | Reached XP level 8. HP: 58/58 MP: 5/15
  5857 | D:6      | You fall into a shaft and drop 2 floors!
  5862 | D:8      | HP: 2/59 [acid dragon/splash of acid (10)]
  6088 | D:7      | Learned a level 2 spell: Call Imp
  6263 | D:7      | Reached skill level 1 in Summonings
  6571 | D:7      | Reached skill level 8 in Necromancy
  6874 | D:7      | Gained mutation: You have very sharp fingernails. [demonic
                  | ancestry]
  6874 | D:7      | Reached XP level 9. HP: 66/66 MP: 9/18
  6886 | D:7      | Reached skill level 1 in Short Blades
  7011 | D:7      | Learned a level 5 spell: Agony
  7801 | D:6      | Reached skill level 5 in Armour
  7907 | D:6      | Reached skill level 5 in Fighting
  8605 | D:4      | Found a staircase to the Ecumenical Temple.
  8607 | D:4      | Noticed Sigmund
  8615 | D:4      | Killed Sigmund
  8628 | Temple   | Entered the Ecumenical Temple
  8734 | Temple   | Became a worshipper of Kikubaaqudgha
  8836 | D:4      | Killed Menkaure
  8891 | D:4      | Found Isyeson's Magic Scroll Boutique.
  8916 | D:4      | Bought a scroll of identify for 24 gold pieces
  8916 | D:4      | Bought a scroll of identify for 24 gold pieces
  8916 | D:4      | Bought a scroll of identify for 24 gold pieces
  8916 | D:4      | Bought a scroll of blinking for 90 gold pieces
  8916 | D:4      | Bought a scroll of identify for 24 gold pieces
  8916 | D:4      | Bought a scroll of teleportation for 36 gold pieces
  8916 | D:4      | Bought a scroll of fear for 42 gold pieces
  9085 | D:8      | Reached XP level 10. HP: 66/74 MP: 13/21
  9473 | D:8      | Reached skill level 5 in Summonings
  9810 | D:8      | Noticed Pikel
  9821 | D:8      | Killed Pikel
 10056 | D:9      | Identified the +8 short sword "Demonbane" {freeze, Contam
                  | *Slow rPois Dex+10}
 10085 | D:9      | Identified the ring "Jergho Johe" {rElec Will+}
 10294 | D:9      | Reached skill level 9 in Necromancy
 10623 | D:9      | Reached * piety under Kikubaaqudgha
 10623 | D:9      | Received a gift from Kikubaaqudgha
 11129 | D:10     | Entered Level 10 of the Dungeon
 11143 | D:10     | Found Alihyasa's Changing Room.
 11197 | D:10     | Bought a potion of lignification for 33 gold pieces
 11484 | D:10     | Found Luomuah's Armour Shop.
 11494 | D:10     | Bought a +0 kite shield of reflection for 136 gold pieces
 11506 | D:10     | Identified the +0 pair of gloves "Decyonir" {Str+6 Dex-4}
 11570 | D:10     | Found a staircase to the Lair.
 11983 | D:10     | Found a shimmering altar of Xom.
 12061 | D:10     | Found a bloodstained altar of Trog.
 12062 | D:10     | Noticed a cyclops
 12081 | D:10     | Killed a cyclops
 12082 | D:10     | Reached skill level 1 in Shields
 12082 | D:10     | Reached XP level 11. HP: 45/81 MP: 1/23
 12205 | D:10     | Learned a level 2 spell: Sublimation of Blood
 12344 | Lair:1   | Entered Level 1 of the Lair of Beasts
 12630 | Lair:1   | Noticed Urug
 12642 | Lair:1   | Killed Urug
 13116 | Lair:1   | Reached skill level 5 in Short Blades
 13324 | Lair:1   | Noticed Sonja
 13338 | Lair:1   | Killed Sonja
 13407 | Lair:1   | Noticed Fannar
 13431 | Lair:1   | Killed Fannar
 13693 | Lair:1   | Noticed Maggie
 13699 | Lair:1   | Killed Maggie
 14171 | Lair:2   | Reached ** piety under Kikubaaqudgha
 14267 | Lair:2   | Found a runed translucent gate.
 14268 | Lair:2   | Found a runed translucent gate.
 14269 | Lair:2   | Found a runed translucent gate.
 14273 | Lair:2   | Noticed drugrobin's ghost (journeyman DgFi)
 14390 | Lair:2   | Noticed Harold
 14404 | Lair:2   | Killed Harold
 14577 | Lair:2   | Reached skill level 10 in Necromancy
 14682 | Lair:2   | Found the +8 trident of the Octopus King {venom, rElec
                  | rPois}
 14691 | Lair:2   | Gained mutation: You have large cloven feet. [demonic
                  | ancestry]
 14691 | Lair:2   | Reached XP level 12. HP: 55/91 MP: 9/24
 15139 | Lair:2   | Noticed a boulder beetle
 15152 | Lair:2   | Killed a boulder beetle
 15180 | Lair:2   | Reached skill level 5 in Shields
 15201 | Lair:2   | Killed drugrobin's ghost
 16015 | Lair:3   | Reached *** piety under Kikubaaqudgha
 16015 | Lair:3   | Received a gift from Kikubaaqudgha
 16022 | Lair:3   | Learned a level 4 spell: Dispel Undead
 16854 | Lair:3   | Noticed a boulder beetle
 16868 | Lair:3   | Killed a boulder beetle
 16999 | Lair:3   | Noticed a catoblepas
 17009 | Lair:3   | Killed a catoblepas
 17177 | Lair:3   | Found a hole to the Spider Nest.
 17453 | Lair:3   | You fall into a shaft and drop 2 floors!
 17952 | Lair:3   | Reached **** piety under Kikubaaqudgha
 18192 | Lair:4   | Noticed an eight-headed hydra
 18201 | Lair:4   | Reached skill level 1 in Ice Magic
 18203 | Lair:4   | Killed an eight-headed hydra
 18511 | Lair:4   | Reached XP level 13. HP: 95/98 MP: 9/26
 18732 | Lair:4   | Found a staircase to the Swamp.
 19764 | Lair:5   | Found a staircase to the Slime Pits.
 19769 | Lair:5   | Paralysed by a floating eye for 2 turns
 20123 | Lair:5   | Reached skill level 11 in Necromancy
 20711 | Lair:6   | Entered Level 6 of the Lair of Beasts
 21850 | Lair:6   | Reached skill level 10 in Spellcasting
 22037 | Lair:6   | Gained mutation: A meltable icy envelope protects you from
                  | harm. (AC +4) [demonic ancestry]
 22037 | Lair:6   | Reached XP level 14. HP: 106/106 MP: 4/28
 22069 | Lair:6   | Reached skill level 12 in Necromancy
 22116 | Lair:6   | Identified the +0 helmet of the Jabberwock {rCorr}
 22294 | Lair:6   | Reached ***** piety under Kikubaaqudgha
 22308 | Lair:6   | Reached skill level 1 in Long Blades
 22308 | Lair:6   | Reached skill level 5 in Dodging
 23409 | Swamp:1  | Entered Level 1 of the Swamp
 23420 | Swamp:1  | Noticed Aizul
 23423 | Swamp:1  | Annihilated by a swamp worm

Illustrated notes

Levels and vault maps discovered:
D:1:      giann_forest_graveyard, layout_rooms, grunt_decor_one_mirror
D:2:      layout_basic, hellmonk_ecumenical_altar_leap_of_faith,
          grunt_ministairs_1
D:3:      layout_rooms, grunt_ministairs_7, uniq_robin
D:4:      layout_basic, mainiacjoe_overflow_small_starburst,
          minmay_temple_entry_crystal_x, serial_shops, nicolae_shop_waterfront,
          uniq_sigmund, uniq_menkaure
D:5:      nicolae_BIG_FREAKIN_CUBE, layout_rooms,
          nicolae_elevator_lobby_asterisk, uniq_crazy_yiuf_cottage
D:6:      layout_loops_ring, gup_sewer_entry_spiral,
          chequers_serial_rivers_micro_a, corexii_item_surrounded_by_moat
D:7:      layout_basic
D:8:      layout_basic, uniq_pikel
D:9:      layout_loops_ring
D:10:     layout_basic, grunt_lair_entry_orc_guard_hut, serial_shops,
          nicolae_shop_trees, nicolae_transmutations_shop,
          hangedman_feature_mirror
Temple:   mainiacjoe_temple_hex_bubbles
Lair:1:   layout_concentric_octagons, uniq_urug, uniq_fannar, uniq_sonja,
          uniq_maggie
Lair:2:   minmay_lair_venomous_thicket, layout_concentric_octagons,
          gammafunk_ghost_split, beast_lair_carwin_4, uniq_harold
Lair:3:   layout_gridlike, nicolae_spider_entry_tight_spaces, grunt_megastairs_5
Lair:4:   layout_cave_pods, minmay_swamp_entry_swarm, grunt_megastairs_4
Lair:5:   layout_cave_pods, minmay_slime_entry_eyes, dreamdust_wasp_nest
Lair:6:   evilmike_catoblepas_cave, layout_long_grid,
          portal_ice_cave_demonic_guard, st_stairs_13, ice2_lemuel,
          infiniplex_staircase_pool
Swamp:1:  nicolae_swamp_decorative_isthmus, layout_basic_swamp,
          evilmike_swamp_ruin_house_6, swamp_pool1, uniq_josephine, uniq_aizul

Skill      XL: |  1  2  3  4  5  6  7  8  9 10 11 12 13 14 |
---------------+-------------------------------------------+-----
Stealth        | 2 |  2.0
Dodging        | 2 3 4 5 |  5.0
Fighting       | 1 2 3 4 5 6 7 8 9 |  9.2
Necromancy     | 5 6 7 8 9 10 11 12 | 12.4
Spellcasting   | 3 4 5 6 7 8 9 10 | 10.3
Armour         | 1 2 3 4 5 6 7 8 9 |  9.0
Summonings     | 2 4 6 |  6.0
Short Blades   | 2 4 6 8 9 |  9.9
Shields        | 1 4 6 7 |  7.9
Ice Magic      | 1 3 4 |  4.0
Long Blades    | 2 |  2.4

Action                   |  1- 3 |  4- 6 |  7- 9 | 10-12 | 13-15 || total
-------------------------+-------+-------+-------+-------+-------++-------
Melee: Spear             |    29 |     2 |       |       |       ||    31
       Rapier            |       |    47 |    29 |       |       ||    76
       Dagger            |       |    33 |       |       |       ||    33
       Short sword       |       |       |   126 |   388 |   320 ||   834
       Kick              |       |       |       |    72 |   146 ||   218
Throw: Javelin           |       |     3 |       |       |       ||     3
 Cast: Necrotize         |    51 |    33 |    40 |    49 |    21 ||   194
       Vampiric Draining |       |    24 |    51 |   122 |    84 ||   281
       Animate Dead      |       |     5 |     9 |    16 |     8 ||    38
       Call Imp          |       |       |    20 |    40 |    10 ||    70
       Agony             |       |       |       |    10 |    36 ||    46
       Dispel Undead     |       |       |       |       |     4 ||     4
Invok: Unearth Wretches  |       |       |       |       |     3 ||     3
Evoke: Wand              |       |       |       |     1 |       ||     1
  Use: Scroll            |       |     5 |    11 |     3 |     8 ||    27
       Potion            |       |     2 |     6 |     2 |     2 ||    12
 Stab: Distracted        |       |       |     2 |     9 |    12 ||    23
       Paralysed         |       |       |       |       |     6 ||     6
       Petrified         |       |       |       |       |     4 ||     4
Armor: Robe              |     5 |    13 |       |       |       ||    18
       Leather armour    |       |    10 |     6 |       |       ||    16
       Ring mail         |       |       |     5 |       |       ||     5
       Acid dragon scale |       |       |    34 |   149 |   185 ||   368
Dodge: Dodged            |    30 |   102 |   137 |   253 |   254 ||   776
Block: Other             |     1 |       |       |       |       ||     1
       Orb               |       |    21 |    31 |    27 |       ||    79
       Kite shield       |       |       |       |   339 |   397 ||   736
       Reflection        |       |       |       |     4 |     3 ||     7

Table legend: (Time is in decaauts)
 A = Elapsed time spent in this place.
 B = Non-inter-level travel time spent in this place.
 C = Inter-level travel time spent in this place.
 D = Time resting spent in this place.
 E = Time spent auto-exploring this place.
 F = Levels seen in this place.
 G = Mean time per level.
                   A        B        C        D        E       F      G
               +--------+--------+--------+--------+--------+-----+--------+
         Total |  23423 |  22620 |    803 |   6616 |  11204 |  18 | 1301.3 |
       Dungeon |  12258 |  11775 |    483 |   3215 |   5891 |  10 | 1225.8 |
        Temple |    136 |    107 |     29 |      0 |     98 |   1 |  136.0 |
          Lair |  11012 |  10723 |    289 |   3400 |   5215 |   6 | 1835.3 |
         Swamp |     16 |     16 |      0 |      0 |      0 |   1 |   16.0 |
               +--------+--------+--------+--------+--------+-----+--------+

Top non-repeatable levels by time:
  Lair:6: 2234 daAuts
  Lair:2: 2219 daAuts
     D:6: 1864 daAuts
  Lair:5: 1825 daAuts
  Lair:1: 1812 daAuts
     D:4: 1553 daAuts
     D:5: 1548 daAuts
  Lair:4: 1475 daAuts
  Lair:3: 1444 daAuts
     D:7: 1333 daAuts
    D:10: 1215 daAuts
     D:3: 1166 daAuts
     D:9: 1076 daAuts
     D:8: 1016 daAuts
     D:2: 750 daAuts
